 Dungeon Crawl Stone Soup version 0.31-a0-806-g0bc164a743 (webtiles) character file.

Game seed: 18211363811088585348

3637 cforsyth the Fighter (level 10, -5/72 HPs)
             Began as a Djinni Enchanter on Sept 20, 2023.
             Was a Follower of Hepliaklqana.
             Slain by a yak (14 damage)
             ... on level 8 of the Dungeon.
             The game lasted 00:13:49 (8643 turns).

cforsyth the Fighter (Djinni Enchanter)             Turns: 8643, Time: 00:13:49

Health: -5/72      AC:  6    Str:  7    XL:     10   Next: 33%
Gold:   277        EV: 12    Int: 22    God:    Hepliaklqana [*.....] SH:  0 Dex: 13

rFire   + + .        C - +4 dagger (speed)
rCold   x . .        (no shield)
rNeg    . . .        b - +0 robe
rPois   ∞            (no helmet)
rElec   .            (no cloak)
rCorr   +            (no gloves)
SInv    .            (boots unavailable)
Will    +....        (no amulet)
Stlth   ++           y - +4 ring of protection
HPRegen 0.32/turn    A - ring of resist corrosion
MPRegen 0.00/turn

%: infuse magic (-6 HP)
@: swift, flying, invisible, quick
A: reduced essence, sickness immunity, fire resistance 2, cold vulnerability 1,
float, innate caster, HP casting, extra vitality 1
a: Renounce Religion, Recall Ancestor, Ancestor Identity


You were on level 8 of the Dungeon.
You worshipped Hepliaklqana.
Hepliaklqana was aware of your devotion.
You visited 2 branches of the dungeon, and saw 9 of its levels.

You collected 361 gold pieces.
You spent 84 gold pieces at shops.

Inventory:

Hand Weapons
 a - a +1 dagger
 g - a +0 heavy spear
 C - a +4 dagger of speed (weapon)
Missiles
 d - a throwing net
Armour
 b - a +0 robe (worn)
Jewellery
 y - a +4 ring of protection (left hand)
 A - a ring of resist corrosion (right hand)
Scrolls
 f - 3 scrolls of amnesia {unknown}
 h - 3 scrolls of identify {unknown}
 k - a scroll of poison {unknown}
 n - 2 scrolls of blinking {unknown}
 o - 2 scrolls of teleportation {unknown}
 p - a scroll of vulnerability {unknown}
 q - a scroll of immolation {unknown}
 r - 2 scrolls of torment {unknown}
 s - 3 scrolls of fog {unknown}
 t - a scroll of enchant weapon {unknown}
 u - 3 scrolls of fear {unknown}
Potions
 c - a potion of invisibility
 e - a potion of enlightenment {unknown}
 i - 3 potions of lignification {unknown}
 j - 2 potions of curing {unknown}
 m - a potion of resistance {unknown}
 v - 3 potions of cancellation {unknown}
 w - 5 potions of mutation {unknown}
 x - a potion of brilliance {unknown}
 z - a potion of attraction {unknown}
 B - a potion of magic {unknown}
 D - a potion of degeneration {unknown}


   Skills:
 + Level 10.0 Fighting
 - Level 0.8 Short Blades
 - Level 2.1 Dodging
 - Level 2.4 Stealth
 + Level 8.1 Spellcasting
 + Level 8.1 Conjurations
 + Level 8.1 Hexes
 + Level 8.1 Summonings
 + Level 8.1 Necromancy
 + Level 8.1 Translocations
 + Level 8.1 Transmutations
 + Level 8.1 Fire Magic
 + Level 8.1 Ice Magic
 + Level 8.1 Air Magic
 + Level 8.1 Earth Magic
 + Level 8.1 Poison Magic


You knew the following spells:

 Your Spells              Type           Power      Damage    Failure   Level
a - Ensorcelled Hibernat  Hex/Ice        88%        N/A       1%          2
b - Confusing Touch       Hex            44%        N/A       1%          3
c - Tukima's Dance        Hex            44%        N/A       1%          3
d - Dazzling Flash        Conj/Hex       88%        N/A       1%          3
e - Sandblast             Erth           88%        2d18      1%          1
f - Scorch                Fire           88%        2d8       1%          2
g - Swiftness             Air            44%        N/A       1%          3
h - Petrify               Tmut/Erth      44%        N/A       2%          4
Your spell library was empty.

Dungeon Overview and Level Annotations

Branches:
Dungeon (8/15)             Temple (1/1) D:6
   Lair: D:8-11

Altars:
Ashenzari
Cheibriados
Dithmenos
Elyvilon
Gozag
Hepliaklqana
Makhleb
Nemelex Xobeh
Okawaru
Qazlal
Ru
Trog
Uskayaw
Wu Jian
Xom
Yredelemnul
Zin
The Shining One

Shops:
D:1 :   D:3 *

Annotations:
D:4 1 runed translucent door, Crazy Yiuf


Innate Abilities, Weirdness & Mutations

Your life essence is reduced to manifest your ancestor. (-10% HP)
You are immune to sickness and miasma.
You are immune to poison.
Your flesh is very heat resistant. (rF++)
You are vulnerable to cold. (rC-)
You float through the air rather than walking.
You learn spells naturally, not from books.
Your magical power is your life essence.
You have superior vitality. (+4 MHP)


Message History

The yak is heavily wounded.
Flames lash the yak.
The yak is burned terribly!
The yak is severely wounded.
You hear a loud, deep croak!
The yak misses you. The yak gores you but does no damage.
Flames lash the yak.
The yak is burned terribly!
You kill the yak!
The yak gores you! The yak misses you.
Your Fighting skill increases to level 10!
You are too injured to fight recklessly!
You are too injured to fight recklessly!
You are too injured to fight recklessly!
Casting: Scorch (safe; 1% risk of failure)
Confirm with . or Enter, or press ? or * to list all spells.
Flames lash the yak.
The yak is burned terribly!
The yak is almost dead.
The yak gores you.
* * * LOW HITPOINT WARNING * * *
The yak gores you!
* * * LOW HITPOINT WARNING * * *
Okay, then.
You feel much better. The yak gores you!
* * * LOW HITPOINT WARNING * * *
The yak gores you.
* * * LOW HITPOINT WARNING * * *
Casting: Scorch (safe; 1% risk of failure)
Confirm with . or Enter, or press ? or * to list all spells.
Okay, then.
Okay, then.
You fade into invisibility!
The yak barely misses you. x2
Casting: Scorch (safe; 1% risk of failure)
Confirm with . or Enter, or press ? or * to list all spells.
Okay, then.
Casting: Scorch (safe; 1% risk of failure)
Confirm with . or Enter, or press ? or * to list all spells.
You feel quick.
* * * LOW HITPOINT WARNING * * *
The yak gores you!
You die...

...###.... .. #..##....
... ##......##
....##........#
#......>....# ...
###........## ..?.
.#####...........###)....
.#.#.#.#.........Y.))....
........###.....@Y..##...
....)..## #.....)...#
........###<.....#.##
.........#....$..###
..............#.##
#............##.#
.........)...#...
#...........##....
.............##...


You could see 2 yaks.

Vanquished Creatures
  2 yaks (D:8)
  A water moccasin (D:8)
  3 black bears
  An ogre (D:5)
  An ice beast (D:6)
  4 sky beasts
  A phantom (D:4)
  5 bullfrogs
  2 kobold brigands
  2 scorpions
  10 killer bees (D:7)
  3 howler monkeys (D:7)
  6 orc priests
  2 sleepcaps
  2 hounds
  3 iguanas
  6 orc wizards
  5 gnolls
  9 adders
  2 white imps
  2 worms
  7 dart slugs
  22 orcs
  7 endoplasms
  A giant cockroach (D:1)
  8 goblins
  4 hobgoblins
  A quokka (D:2)
  8 ball pythons
  4 bats
  5 frilled lizards
  12 kobolds
  3 rats
154 creatures vanquished.

Vanquished Creatures (collateral kills)
  Jeremiah (D:7)
  A water moccasin (D:8)
  An ogre (D:2)
  A killer bee (D:7)
  2 orcs (D:7)
  A kobold (D:8)
7 creatures vanquished.

Vanquished Creatures (others)
  2 ancestors
2 creatures vanquished.

Grand Total: 163 creatures vanquished

Notes
Turn   | Place    | Note
-------+----------+-------------------------------------------
     0 | D:1      | cforsyth the Djinni Enchanter began the quest for the Orb.
     0 | D:1      | cforsyth set off with the following spells memorised:
                  | Ensorcelled Hibernation, Confusing Touch, Tukima's Dance,
                  | Dazzling Flash.
     0 | D:1      | Reached XP level 1. HP: 15/15 MP: 0/0
   227 | D:1      | Found Fujuf's Book Shop.
   231 | D:1      | Reached XP level 2. HP: 22/22 MP: 0/0
   425 | D:1      | Reached skill level 1 in Fighting
   900 | D:1      | Reached XP level 3. HP: 21/28 MP: 0/0
   900 | D:1      | Learned a level 1 spell: Sandblast
  1018 | D:2      | Reached skill level 2 in Fighting
  1258 | D:1      | Reached XP level 4. HP: 28/33 MP: 0/0
  1274 | D:1      | HP: 1/33 [orc/+0 falchion (4)]
  1493 | D:2      | Noticed an ogre
  1505 | D:2      | Killed an ogre
  1506 | D:2      | Reached skill level 3 in Fighting
  1506 | D:2      | Reached XP level 5. HP: 28/40 MP: 0/0
  1506 | D:2      | Learned a level 2 spell: Scorch
  2069 | D:2      | Reached XP level 6. HP: 42/46 MP: 0/0
  2119 | D:2      | Noticed a golden eye
  2122 | D:2      | Found a faded altar of an unknown god.
  2123 | D:2      | Noticed a shining eye
  2123 | D:2      | Noticed an eye of devastation
  2123 | D:2      | Noticed a great orb of eyes
  2389 | D:3      | Found Sipninuf's Assorted Antiques.
  2396 | D:3      | Bought a viscous silvery potion for 26 gold pieces
  2396 | D:3      | Bought a scroll labelled YRA FETTOAGUET for 29 gold pieces
  2396 | D:3      | Bought a scroll labelled KAHAHUE XADGH for 29 gold pieces
  2858 | D:3      | Reached skill level 4 in Fighting
  3698 | D:4      | Reached XP level 7. HP: 51/53 MP: 0/0
  3698 | D:4      | Learned a level 3 spell: Swiftness
  4662 | D:4      | Found a runed translucent door.
  4663 | D:4      | Noticed Crazy Yiuf
  4702 | D:5      | Entered Level 5 of the Dungeon
  4705 | D:5      | Reached skill level 5 in Fighting
  4860 | D:5      | Reached skill level 5 in Spellcasting
  4860 | D:5      | Reached skill level 5 in Conjurations
  4860 | D:5      | Reached skill level 5 in Hexes
  4860 | D:5      | Reached skill level 5 in Summonings
  4860 | D:5      | Reached skill level 5 in Necromancy
  4860 | D:5      | Reached skill level 5 in Translocations
  4860 | D:5      | Reached skill level 5 in Transmutations
  4860 | D:5      | Reached skill level 5 in Fire Magic
  4860 | D:5      | Reached skill level 5 in Ice Magic
  4860 | D:5      | Reached skill level 5 in Air Magic
  4860 | D:5      | Reached skill level 5 in Earth Magic
  4860 | D:5      | Reached skill level 5 in Poison Magic
  5346 | D:5      | Reached XP level 8. HP: 45/61 MP: 0/0
  5665 | D:6      | Reached skill level 6 in Fighting
  6283 | D:6      | Found a snail-covered altar of Cheibriados.
  6285 | D:6      | Found an ornate altar of the Wu Jian Council.
  6285 | D:6      | Found a staircase to the Ecumenical Temple.
  6290 | D:6      | Found a burning altar of Makhleb.
  6291 | D:6      | Found a glowing silver altar of Zin.
  6292 | D:6      | Found an iron altar of Okawaru.
  6292 | D:6      | Found a hazy altar of Hepliaklqana.
  6292 | D:6      | Found a shimmering altar of Xom.
  6292 | D:6      | Found a shadowy altar of Dithmenos.
  6292 | D:6      | Found a white marble altar of Elyvilon.
  6293 | D:6      | Found a glowing golden altar of the Shining One.
  6294 | D:6      | Found a broken altar of Ashenzari.
  6295 | D:6      | Found a sacrificial altar of Ru.
  6300 | D:6      | Became a worshipper of Hepliaklqana the Forgotten
  6322 | Temple   | Entered the Ecumenical Temple
  6379 | D:6      | Reached skill level 7 in Fighting
  6384 | D:6      | Reached XP level 9. HP: 58/68 MP: 0/0
  6384 | D:6      | Learned a level 4 spell: Petrify
  7013 | D:7      | Reached skill level 8 in Fighting
  7419 | D:7      | Reached * piety under Hepliaklqana
  7890 | D:7      | Noticed Jeremiah
  8257 | D:7      | Killed Jeremiah
  8258 | D:7      | Reached skill level 9 in Fighting
  8258 | D:7      | Reached XP level 10. HP: 67/70 MP: 0/0
  8639 | D:8      | Reached skill level 10 in Fighting
  8643 | D:8      | Slain by a yak

Illustrated notes

Levels and vault maps discovered:
D:1:      matt_arrival_diagonals, layout_loops_corners, serial_shops,
          nicolae_shop_tiny_waterfront
D:2:      cheibrodos_pilgrimage, layout_rooms,
          hellmonk_ecumenical_altar_watching_god, st_stairs_4,
          hangedman_glass_teeth
D:3:      minmay_angry_zag, layout_rooms, serial_shops, shop
D:4:      layout_basic, uniq_crazy_yiuf_cottage
D:5:      layout_rooms, serial_rivers, chequers_serial_rivers_room_b,
          chequers_serial_rivers_large_a, chequers_serial_rivers_marsh,
          chequers_serial_rivers_micro_d, minmay_misc_feat_columns
D:6:      layout_loops_corners, minitemple,
          minmay_temple_entry_statues_fountains, kennysheep_generic_room_8
D:7:      layout_basic, uniq_jeremiah
D:8:      layout_cave_pools, david_lair_shrubbed
Temple:   hellmonk_temple_of_storms

Skill      XL: |  1  2  3  4  5  6  7  8  9 10 |
---------------+-------------------------------+-----
Spellcasting   | 3 4 5 6 7 8 |  8.1
Conjurations   | 3 4 5 6 7 8 |  8.1
Hexes          | 3 4 5 6 7 8 |  8.1
Summonings     | 3 4 5 6 7 8 |  8.1
Necromancy     | 3 4 5 6 7 8 |  8.1
Translocations | 3 4 5 6 7 8 |  8.1
Transmutations | 3 4 5 6 7 8 |  8.1
Fire Magic     | 3 4 5 6 7 8 |  8.1
Ice Magic      | 3 4 5 6 7 8 |  8.1
Air Magic      | 3 4 5 6 7 8 |  8.1
Earth Magic    | 3 4 5 6 7 8 |  8.1
Poison Magic   | 3 4 5 6 7 8 |  8.1
Fighting       | 1 2 3 4 5 7 9 10 | 10.0
Short Blades   | |  0.8
Dodging        | |  2.1
Stealth        | |  2.4

Action                     |  1- 3 |  4- 6 |  7- 9 | 10-12 || total
---------------------------+-------+-------+-------+-------++-------
  Melee: Dagger            |    44 |       |     3 |       ||    47
         Punch             |     1 |     1 |       |       ||     2
         Spear             |    23 |    23 |    10 |       ||    56
   Cast: Ensorcelled Hiber |     1 |     4 |     1 |       ||     6
         Tukima's Dance    |       |     1 |     1 |       ||     2
         Scorch            |       |    66 |   161 |    36 ||   263
         Swiftness         |       |       |       |     1 ||     1
 Invoke: Recall Ancestor   |       |       |     1 |       ||     1
    Use: Potion            |       |     1 |     2 |     2 ||     5
   Stab: Sleeping          |     6 |     2 |       |       ||     8
 Armour: Robe              |    38 |    29 |    72 |    16 ||   155
  Dodge: Dodged            |    42 |    42 |    67 |    11 ||   162

Table legend: (Time is in decaauts)
 A = Elapsed time spent in this place.
 B = Non-inter-level travel time spent in this place.
 C = Inter-level travel time spent in this place.
 D = Time resting spent in this place.
 E = Time spent auto-exploring this place.
 F = Levels seen in this place.
 G = Mean time per level.
                   A        B        C        D        E       F      G
               +--------+--------+--------+--------+--------+-----+--------+
         Total |   8684 |   8534 |    150 |   1925 |   5403 |   9 |  964.9 |
       Dungeon |   8682 |   8532 |    150 |   1925 |   5403 |   8 | 1085.2 |
        Temple |      1 |      1 |      0 |      0 |      0 |   1 |    1.0 |
               +--------+--------+--------+--------+--------+-----+--------+

Top non-repeatable levels by time:
     D:6: 1756 daAuts
     D:1: 1519 daAuts
     D:4: 1331 daAuts
     D:7: 1246 daAuts
     D:3: 1067 daAuts
     D:2: 1023 daAuts
     D:5: 655 daAuts
     D:8: 82 daAuts
  Temple: 1 daAuts
